Cogmind - Beta 14 @@@ ROGUE MODE // 2024.08.12 @ 13:09:07 Player: APerTAS Result: Destroyed by G-47 Trooper with Particle Gun Performance ------------- Evolutions (2) 1000 Regions Visited (3) 600 Robots Destroyed (1) 5 Value Destroyed (7) 7 Prototype IDs (0) 0 Alien Tech Used (0) 0 Bonus (0) 0 TOTAL SCORE: 1612 Bonus ------- None Cogmind --------- Core Integrity 0/550 Matter 253/300 Energy 100/100 System Corruption 2% Temperature Cool (9) Movement Core (50) Location -8/Materials Parts ------- > --- POWER (1) -------- (None) > --- PROPULSION (2) --- (None) > --- UTILITY (2) ------ (None) > --- WEAPON (6) ------- (None) > --- INVENTORY (5) ---- (None) Peak State ------------ > --- POWER ------------ (None) > --- PROPULSION ------- (None) > --- UTILITY ---------- (None) > --- WEAPON ----------- Great Axe Great Axe Great Axe Great Axe > --- INVENTORY -------- (None) [Rating: 16] Favorites ----------- Power None Propulsion None Utility None Weapon Great Axe Slashing Weapon Great Axe Build | -11 -10 -9 -8 ------- Run | Yrd Mat Mat Mat Slots Evolved 4 | . . 2 2 Power . | . . . . Propulsion . | . . . . Utility . | . . . . Weapon 4 | . . 2 2 Parts Attached 4 | . . . 4 Power . | . . . . Engine . | . . . . Core . | . . . . Reactor . | . . . . Propulsion . | . . . . Treads . | . . . . Leg . | . . . . Wheel . | . . . . Hover . | . . . . Flight . | . . . . Utility . | . . . . Device . | . . . . Storage . | . . . . Processor . | . . . . Hackware . | . . . . Protection . | . . . . Artifact . | . . . . Weapon 4 | . . . 4 Energy Gun . | . . . . Energy Cannon . | . . . . Ballistic Gun . | . . . . Ballistic Cannon . | . . . . Launcher . | . . . . Special Weapon . | . . . . Impact Weapon . | . . . . Slashing Weapon 4 | . . . 4 Piercing Weapon . | . . . . Special Melee Weapon . | . . . . Unidentified Prototypes . | . . . . Parts Lost . | . . . . Power . | . . . . Propulsion . | . . . . Utility . | . . . . Weapon . | . . . . Highest Loss Streak . | . . . . To Critical Strikes . | . . . . Average Slot Usage (%) 1 | . . . 2 Slashing Weapon 1 | . . . 2 Peak Build Rating 16 | . . . 16 Average Rating . | . . . . On Entrance . | . . . . Naked Turns 179 | . 24 56 99 Heaviest Build 12 | . . . 12 Greatest Support 3 | 3 3 3 3 Greatest Overweight (x) 3 | . . . 3 Average Overweight (x) . | . . . . Largest Inventory Capacity 5 | 5 5 5 5 Average Capacity 5 | 5 5 5 5 Most Carried . | . . . . Average Carried . | . . . . Final Capacity 5 | 5 5 5 5 Final Carried . | . . . . Class Distribution -------------------- 100% | Mutant Dominant Class ---------------- Mutant | -10/Materials Mutant | -9/Materials Mutant | -8/Materials Resources | -11 -10 -9 -8 ----------- Run | Yrd Mat Mat Mat Matter Collected 133 | 133 . . . Remotely . | . . . . Salvage Created 20 | 20 . . . Parts 3 | 3 . . . Haulers Intercepted . | . . . . Recyclers Shooed . | . . . . Parts Field Recycled . | . . . . Retrieved Matter . | . . . . Parts Self-Destructed . | . . . . Prevented . | . . . . Kills | -11 -10 -9 -8 ------- Run | Yrd Mat Mat Mat Combat Hostiles Destroyed . | . . . . Classes Destroyed 1 | 1 . . . Tunneler 1 | 1 . . . Best Kill Streak 1 | 1 . . . Combat Bots Only . | . . . . Max Kills in Single Turn 1 | 1 . . . Gunslinging . | . . . . Exploded . | . . . . Melee . | . . . . Uniques/NPCs Destroyed . | . . . . Combat | -11 -10 -9 -8 -------- Run | Yrd Mat Mat Mat Hostile Shots Fired 116 | . . 47 69 Missed 38 | . . 16 22 Damage Taken 963 | 6 . 325 632 Core 883 | 6 . 325 552 Absorbed by Shields . | . . . . Core Remaining (%) 70 | 97 97 18 . Volleys Fired . | . . . . Largest . | . . . . Hottest . | . . . . Shots Fired . | . . . . Gun . | . . . . Cannon . | . . . . Launcher . | . . . . Special . | . . . . Kinetic . | . . . . Thermal . | . . . . Explosive . | . . . . Electromagnetic . | . . . . Robot Hit Streak . | . . . . Robot Miss Streak . | . . . . Penetration Max . | . . . . Secondary Targets . | . . . . Shots Hit Robots . | . . . . Core Hits 3 | 1 . . 2 Critical Kills . | . . . . Critical Parts Destroyed . | . . . . Critical Strikes . | . . . . Melee Attacks . | . . . . Impact . | . . . . Slashing . | . . . . Piercing . | . . . . Sneak Attacks . | . . . . Combat Hostiles . | . . . . Follow-up Attacks . | . . . . Damage Inflicted 92 | 13 . 46 33 Guns . | . . . . Cannons . | . . . . Explosions . | . . . . Melee . | . . . . Ramming 92 | 13 . 46 33 Kinetic . | . . . . Thermal . | . . . . Explosive . | . . . . Electromagnetic . | . . . . Impact . | . . . . Slashing . | . . . . Piercing . | . . . . Highest Corruption 2 | . . . 2 Average Corruption 2 | . . . 2 Corruption Purged . | . . . . Corruption Blocked . | . . . . Overload Shots . | . . . . Overflow Damage . | . . . . Projectiles . | . . . . Explosions . | . . . . Melee . | . . . . Knockbacks . | . . . . Impact . | . . . . Kinetic . | . . . . Secondary . | . . . . Self-Inflicted Damage 41 | 6 . 21 14 Shots . | . . . . Rammed 17 | 1 . 5 11 Targets Rammed 17 | 1 . 5 11 Kicked . | . . . . Crushed . | . . . . Highest Temperature . | . . . . Average Temperature . | . . . . Received Heat Transfer 336 | . . 120 216 Siege Activations . | . . . . Robots Corrupted . | . . . . Combat Hostiles . | . . . . Parts Fried . | . . . . Impact Corruptions . | . . . . Robots Melted . | . . . . Combat Hostiles . | . . . . Parts Melted . | . . . . Heat Transferred . | . . . . Parts Sabotaged . | . . . . Parts Stolen . | . . . . Parts Stripped . | . . . . Power Chain Reactions . | . . . . Alert | -11 -10 -9 -8 ------- Run | Yrd Mat Mat Mat Peak Influence 168 | 5 3 45 168 Initial 18 | . 3 . 18 Average 64 | 3 3 31 100 Maximum Alert Level . | . . . . Low Security (%) 100 | 100 100 100 100 Level 1 . | . . . . Level 2 . | . . . . Level 3 . | . . . . Level 4 . | . . . . Level 5 . | . . . . High Security . | . . . . Max Security . | . . . . Squads Dispatched 5 | . . 3 2 Investigation 2 | . . . 2 Extermination . | . . . . Reinforcement 3 | . . 3 . Assault . | . . . . Garrison . | . . . . Intercept . | . . . . Searches Triggered . | . . . . Construction Impeded 1 | . . 1 . Haulers Reinforced . | . . . . Active Scanning Responses . | . . . . Cargo Convoy Interrupts . | . . . . Stealth | -11 -10 -9 -8 --------- Run | Yrd Mat Mat Mat Distress Signals 4 | . . 3 1 Communications Jammed . | . . . . Distress Signals . | . . . . Times Spotted 34 | . . 12 22 Peak Tracking Total 18 | . . 9 18 Tactical Retreats 2 | . . . 2 Traps | -11 -10 -9 -8 ------- Run | Yrd Mat Mat Mat Traps Triggered . | . . . . Indirectly . | . . . . Trap Hack Attempts . | . . . . Triggered . | . . . . Disarmed . | . . . . Reprogrammed . | . . . . Reused . | . . . . Traps Extracted . | . . . . Installed . | . . . . Triggered . | . . . . Machines | -11 -10 -9 -8 ---------- Run | Yrd Mat Mat Mat Machines Disabled . | . . . . Max in Single Turn . | . . . . Machines Repaired . | . . . . Machines Dismantled . | . . . . Machines Sabotaged . | . . . . Overloaded Fab Kills . | . . . . Hacking | -11 -10 -9 -8 --------- Run | Yrd Mat Mat Mat Machines Accessed 2 | . . . 2 Terminals 2 | . . . 2 Fabricators . | . . . . Repair Stations . | . . . . Recycling Units . | . . . . Scanalyzers . | . . . . Garrison Access . | . . . . Total Hacks 5 | . . . 5 Successful . | . . . . Failed 5 | . . . 5 Catastrophic 2 | . . . 2 Database Lockouts . | . . . . Manual 6 | . . . 6 Terminals 5 | . . . 5 Fabricators . | . . . . Repair Stations . | . . . . Recycling Units . | . . . . Scanalyzers . | . . . . Garrison Access . | . . . . Terminal Hacks . | . . . . Fabricator Hacks . | . . . . Repair Station Hacks . | . . . . Recycling Unit Hacks . | . . . . Scanalyzer . | . . . . Garrison Access Hacks . | . . . . Unauthorized Hacks . | . . . . Terminals . | . . . . Fabricators . | . . . . Repair Stations . | . . . . Recycling Units . | . . . . Scanalyzers . | . . . . Garrison Access . | . . . . Data Cores Recovered . | . . . . Used . | . . . . Hacking Detections 2 | . . . 2 Full Trace Events 2 | . . . 2 Feedback Events . | . . . . Feedback Blocked . | . . . . Robot Schematics Acquired . | . . . . Robots Built . | . . . . Authchips . | . . . . Time . | . . . . Total Robot Build Rating . | . . . . Part Schematics Acquired . | . . . . Parts Built . | . . . . Authchips . | . . . . Time . | . . . . Total Part Build Rating . | . . . . Parts Repaired . | . . . . Time . | . . . . Parts Recycled . | . . . . Recycled Matter . | . . . . Retrieved Matter . | . . . . Retrieved Components . | . . . . Parts Scanalyzed . | . . . . Part Schematics Acquired . | . . . . Parts Damaged . | . . . . Bothacking | -11 -10 -9 -8 ------------ Run | Yrd Mat Mat Mat Used RIF Installer . | . . . . Robots Hacked . | . . . . Non-combat . | . . . . Combat . | . . . . Robot Hacks Applied . | . . . . Relay Couplers Released . | . . . . Fabnet Peak Effective % . | . . . . Robots Rewired . | . . . . Allies Hacked . | . . . . Hacks Repelled . | . . . . Allies | -11 -10 -9 -8 -------- Run | Yrd Mat Mat Mat Total Allies . | . . . . Largest Group . | . . . . Highest-Rated Group . | . . . . Highest-Rated Ally . | . . . . Total Orders . | . . . . Ally Attacks . | . . . . Total Damage . | . . . . Kills . | . . . . Allies Corrupted . | . . . . Allies Melted . | . . . . Intel | -11 -10 -9 -8 ------- Run | Yrd Mat Mat Mat Robot Analysis Total . | . . . . Derelict Logs Recovered . | . . . . Drone Launches . | . . . . Drone Recoveries . | . . . . Exploration | -11 -10 -9 -8 ------------- Run | Yrd Mat Mat Mat Turns Passed 201 | 10 24 56 111 Spaces Moved 347 | 19 47 102 179 Core 347 | 19 47 102 179 Treads . | . . . . Legs . | . . . . Wheels . | . . . . Hover . | . . . . Flight . | . . . . Fastest Speed 50 | 50 50 50 50 Average Speed 51 | 50 50 50 52 Slowest Speed 200 | 50 50 50 200 Overloaded Moves . | . . . . Propulsion Burnouts . | . . . . Robots Hopped . | . . . . Cave-ins Triggered . | . . . . Exploration Rate (%) 13 | 3 12 13 26 Regions Visited 3 Branch Regions . Pre-discovered Areas . | . . . . Known Exits Taken . | . . . . Unknown Exits Taken 3 | 1 1 1 . Scrap Searched . | . . . . Spaces Dug . | . . . . Terrain Destroyed . | . . . . Melee . | . . . . Projectile . | . . . . AOE . | . . . . Terrain Rammed . | . . . . Walls Destroyed . | . . . . Machines Disabled . | . . . . Actions | -11 -10 -9 -8 --------- Run | Yrd Mat Mat Mat Total 365 | 19 46 106 194 Wait . | . . . . Move 344 | 18 46 101 179 Hop . | . . . . Pick Up . | . . . . Fast Attach 4 | . . . 4 Attach . | . . . . Detach . | . . . . Swap . | . . . . Drop . | . . . . Fire . | . . . . Melee . | . . . . Ram 17 | 1 . 5 11 Kick . | . . . . Crush . | . . . . Escape Stasis . | . . . . Rewire . | . . . . Trap . | . . . . Miscellaneous . | . . . . Route ------- -11/Scrapyard -10/Materials -9/Materials -8/Materials History --------- Turn | Location | Event 3 | -11/Scrapyard | Discovered new exit (range 15) 11 | -11/Scrapyard | Entered Materials 30 | -10/Materials | Discovered new exit (range 10) 35 | -10/Materials | Entered another Materials area 35 | -9/Materials | Evolved 2 slots: Weapon x2 83 | -9/Materials | Discovered new exit (range 15) 85 | -9/Materials | Core integrity fell below 50% 91 | -9/Materials | Core integrity fell below 20% 91 | -9/Materials | Entered another Materials area 91 | -8/Materials | Evolved 2 slots: Weapon x2 186 | -8/Materials | Core integrity fell below 50% 192 | -8/Materials | Released all parts (4) 198 | -8/Materials | Core integrity fell below 20% 202 | -8/Materials | Destroyed by G-47 Trooper with Particle Gun Last Messages --------------- 00155_ K-01 Serf cleans the Nuclear Reactor. 00156_ Slammed into Y-45 Defender. 00157_ T-07 Excavator is excavating. 00157_ Slammed into G-47 Trooper. 00158_ Slammed into L-31 Rogue. 00159_ K-01 Serf collects debris. 00159_ Penetrated by Slug. 00160_ K-01 Serf collects debris. 00162_ Slug penetrates Wall. 00167_ K-01 Serf collects debris. 00180_ Acquired Great Axe. 00192_ Released Great Axe. 00195_ Slammed into G-50 Soldier. 00196_ S-10 Pest destroyed. 00197_ Slammed into G-50 Soldier. 00197_ S-10 Pest destroyed. 00197_ Penetrated by Slug. 00198_ Slammed into G-47 Trooper. 00199_ Destabilizing: System corrupted (+2). 00200_ Slammed into G-47 Trooper. Map ----- +----------------------------------------------------+ | = == ????????????????????? | | T ########### ????????????????????? | | # ## ??????????????????????? | | # ## ????????????????????????? | | "" # ## #????????????????????????? | | # ## #????????????????????????? | | ##"#"###### #????????????????????????? | | #????????????????????????? | | ########### #????????????????????????? | | ####/####???????# #??####??????????????????? | | ## ######??# #?? #??????????????????? | | ## """ ## ?# #? #??????????????????? | | # """ ## ?# #? #??????????????????? | | # """ ## # # "" #??????????????????? | | # ## !!! # # "Y !#??????????????????? | | # ## !!! + / "" #??????????????????? | | # ## !! # # #??????????????????? | | ?# ######### #######??????????????????? | | ???############### ############????????????? | | ?????? T ! ?????????? | | ?????? ?????????? | | ??????#### =%[############????????????? | | ?????????# """ =* #???????????????????????? | | ?????????# """ %[ #????????? ]????????????? | | ?????????# """glgg###### """ ???????????? | | ?????????# s g @g/ """ ???????????? | | ?????????# ####### ! #?????????? | | ?????????# #### ####??????? k #?????????? | | ?????????####????# #???????????#?????????? | | ?????????????????#//[[!!#?????????????????????? | | ?????????????????#//[[!!#?????????????????????? | | ?????????????????########?????????????????????? | | ??????????????????????????????????????????????? | | ??????????????????????????????????????????????? | | | | | | | | | | | | | | | | | | | | | | | | | | | | | | | | | +----------------------------------------------------+ Best States ------------- Heat Dissipation 31 Energy Generation 5 Energy Capacity 100 Matter Stores 267 Matter Capacity 300 Sight Range 16 Terrain Scan Density 10 Evasion (%) 50 Item Schematics ----------------- None Robot Schematics ------------------ None Fabricated ------------ Nothing Alien Tech Used ----------------- None Achievements -------------- None Challenges ------------ None Game ------ Seed StormFrostCharge Manual? 0 Play Time 00:03:54 Cumulative 20.9 hours Start 2024.08.12 @ 13:06:42 End 2024.08.12 @ 13:09:07 Sessions 1 Manual Loads 0 Difficulty Rogue Special Mode None Game No. 101 Rogue 101 Adventurer 0 Explorer 0 Win Type - Total 0 Types 0/0/0/0/0/0/0/0/0 Lore% 32 Gallery% 24 Achievement% 32 Wizard Run 0 Options --------- Layout 0 ASCII 0 Keyboard 0 Movement Arrows Keybinds 0 Fullscreen 2 Font 18/Terminus Map View 76x50 Zoom Use 0% Tactical HUD 1 Map Filters NONE Filters NONE Steam 1 RUN: 58b21c8e-09d7-45a4-82e0-554ca9d2fead